 Dungeon Crawl Stone Soup version 0.19-a0-1071-g4ed3155 (webtiles) character file.

23698 Leszczynek the Bludgeoner (level 13, 0/137 HPs)
             Began as an Ogre Earth Elementalist on Aug 4, 2016.
             Was a High Priest of Nemelex Xobeh.
             Slain by an eight-headed hydra (11 damage)
             ... on level 2 of the Lair of Beasts on Aug 5, 2016.
             The game lasted 01:02:05 (21085 turns).

Leszczynek the Bludgeoner (OgEE)                   Turns: 21085, Time: 01:02:06

Health: 0/137      AC:  7    Str: 18    XL:     13   Next: 8%
Magic:  21/21      EV: 12    Int: 14    God:    Nemelex Xobeh [*****.]
Gold:   892        SH:  0    Dex: 12    Spells: 1 memorised, 14 levels left

rFire  . . .     SeeInvis .     a - +1 giant club
rCold  . . .     Gourm    .     R - +2 troll leather armour
rNeg   . . .     Faith    +     (shield currently unavailable)
rPois  .         Spirit   .     (helmet restricted)
rElec  .         Dismiss  .     (no cloak)
rCorr  .         Reflect  .     (gloves unavailable)
SustAt .         Harm     .     (boots unavailable)
MR     ++...                    N - amulet of faith
Stlth  +++.......               O - ring of stealth
                                p - ring of protection from magic

@: lethally poisoned (0 -> 0)
A: unfitting armour, tough skin 1
a: Triple Draw, Deal Four, Stack Five, Renounce Religion


You were on level 2 of the Lair of Beasts.
You worshipped Nemelex Xobeh.
Nemelex Xobeh was extremely pleased with you.
You were not hungry.

You visited 2 branches of the dungeon, and saw 15 of its levels.

You collected 892 gold pieces.

Inventory:

Hand Weapons
 a - a +1 giant club (weapon)
 y - a +0 morningstar
 z - a +1 flail of venom
Missiles
 k - 10 tomahawks (quivered)
 r - a throwing net
 P - 5 large rocks
 W - 4 javelins
Armour
 R - a +2 troll leather armour (worn)
Jewellery
 g - an uncursed ring of protection from magic
 p - a ring of protection from magic (left hand)
 N - an amulet of faith (around neck)
 O - a ring of stealth (right hand)
Wands
 c - a wand of disintegration (9/24)
 s - a wand of iceblast (4/15)
 C - a wand of teleportation (4/9)
 E - a wand of lightning (4/15)
 G - a wand of iceblast (8/15)
 J - a wand of acid (5/15)
 T - a wand of acid (8/15)
 V - a wand of digging (9/24)
Scrolls
 b - a scroll of fog
 h - a scroll of blinking
 i - 2 scrolls of teleportation
 j - 3 scrolls of remove curse
 Q - a scroll of holy word
Potions
 m - a potion of flight
 o - a potion of might {unknown}
 t - 4 potions of haste
 v - 2 potions of cure mutation
 B - a potion of curing
 K - 2 potions of heal wounds
 M - a potion of agility
 Z - 3 potions of brilliance
Miscellaneous
 e - an ornate deck of destruction {drawn: 9}
 l - an ornate deck of destruction
 q - a legendary deck of summoning {drawn: 4}
 u - a legendary deck of destruction {drawn: 2}
 F - an ornate deck of destruction
 I - an ornate deck of destruction
 L - an ornate deck of summoning
Comestibles
 d - 7 bread rations
 n - 3 beef jerkies
 x - 7 meat rations
 D - 12 fruits


   Skills:
 * Level 11.1 Fighting
 - Level 18.0 Maces & Flails
 - Level 3.5 Throwing
 + Level 6.6 Dodging
 - Level 2.0 Stealth
 - Level 2.4 Spellcasting
 - Level 0.6 Transmutations
 - Level 2.1 Earth Magic
 + Level 11.1 Invocations


You had 14 spell levels left.
You knew the following spells:

 Your Spells              Type           Power        Failure   Level  Hunger
b - Passwall              Tmut/Erth      #.........   24%         2    ###....


Dungeon Overview and Level Annotations

Branches:
Dungeon (10/15)            Temple (0/1) D:6            Lair (5/6) D:8
 Shoals (0/4) Lair:4       Spider (0/4) Lair:3
  Slime: Lair:5-6       Orc: D:9-12

Altars:
Cheibriados
Hepliaklqana
Kikubaaqudgha
Nemelex Xobeh
Okawaru
Zin
The Shining One

Shops:
D:8 (

Annotations:
D:2 !, Ijyb, Sigmund
D:8 poirepourri's ghost, novice CeHu
D:10 feamirim's ghost, novice HOFi
Lair:2 huge bee hive in the north part, exclusions: killer bee, wyvern and 12 more exclusions
Lair:3 Harold
Lair:4 exclusion: 4 oklob plants


Innate Abilities, Weirdness & Mutations

You are too large for most types of armour.
You have tough skin. (AC +1)


Message History

The eight-headed hydra misses you. The eight-headed hydra bites you!
The eight-headed hydra bites you.
The eight-headed hydra bites you but does no damage.
The eight-headed hydra bites you!
The eight-headed hydra closely misses you.
The eight-headed hydra bites you. The eight-headed hydra bites you!
Unknown command.
Unknown command.
Unknown command.
Unknown command.
Evoke which item? (* to show all) (? for menu, Esc to quit)
You draw a card...
It is Wild Magic.
You feel a surge of magic. The eight-headed hydra bites you!
* * * LOW HITPOINT WARNING * * *
The eight-headed hydra closely misses you.
The eight-headed hydra bites you!
* * * LOW HITPOINT WARNING * * *
The eight-headed hydra bites you!
You die...
Your body disappears without a glow.

..........#....+.[....P#..#......
............†..#.......#..##.....
..#......#.....†#.....##.[.......
..#.+##+.##....##.....##÷.##.....
...P.##.#.#..††###P#####..###.##.
.............††#.###PP##..####.#+
..>...........††.................
####.#.########D####.#P###.####.#
##### ##@# ##### ### ### ###


You could see an eight-headed hydra.

Vanquished Creatures
  2 hydras
  A cyclops (Lair:3)
  An elephant (Lair:2)
  A black mamba (Lair:4)
  A gargoyle (D:9)
  5 spiny frogs
  4 rime drakes
  2 komodo dragons (Lair:3)
  A troll (D:9)
  Prince Ribbit (D:5)
  A blink frog (Lair:2)
  A wyvern (Lair:2)
  37 yaks
  A basilisk (Lair:2)
  6 hippogriffs
  3 wargs
  Edmund (D:6)
  6 water moccasins
  Duvessa (D:5)
  6 porcupines
  A sky beast (D:6)
  An ice beast (D:8)
  3 orc warriors
  2 black bears
  A wasp (Lair:2)
  A phantom (D:8)
  5 ogres
  A boggart (Lair:2)
  6 wolves (Lair:4)
  5 centaurs
  6 crocodiles
  A big kobold (D:9)
  11 giant frogs
  Dowan (D:5)
  2 wyvern skeletons (D:7)
  4 scorpions
  A water moccasin skeleton (D:5)
  18 killer bees (Lair:2)
  4 wights (D:8)
  A howler monkey (D:7)
  2 crimson imps
  A giant frog zombie (D:8)
  2 hounds
  2 jellies
  A centaur zombie (D:6)
  A giant frog skeleton (D:10)
  3 centaur skeletons
  10 orc priests
  6 orc wizards
  9 iguanas
  Natasha (thrice) (D:4)
  7 worker ants
  6 sheep (Lair:4)
  A hound zombie (D:5)
  A mummy (D:5)
  Robin (D:3)
  6 gnolls
  12 adders
  42 river rats
  A shadow imp (D:7)
  2 oozes
  An adder zombie (D:6)
  2 adder skeletons (D:5)
  3 worms
  3 dart slugs
  5 giant geckos
  28 orcs
  2 ball pythons
  5 bats
  3 giant cockroaches
  18 goblins
  16 hobgoblins
  2 jackals (D:3)
  11 kobolds
  4 quokkas
  2 giant newts
  3 quokka skeletons
  8 rats
392 creatures vanquished.

Vanquished Creatures (collateral kills)
  A hell hog (D:7)
  A spiny frog (Lair:4)
  A komodo dragon (Lair:2)
  A queen bee (Lair:2)
  10 yaks
  A water moccasin (Lair:1)
  A porcupine (Lair:4)
  A crocodile (Lair:4)
  A giant frog (Lair:1)
  7 killer bees (Lair:2)
  A plant (Lair:4)
26 creatures vanquished.

Vanquished Creatures (others)
  2 blink frogs (Lair:4)
  2 yaks
  A killer bee (Lair:2)
  A bush (Lair:4)
  8 fungi
  10 plants
24 creatures vanquished.

Grand Total: 442 creatures vanquished

Notes
Turn   | Place    | Note
-------+----------+-------------------------------------------
     0 | D:1      | Leszczynek the Ogre Earth Elementalist began the quest for the Orb.
     0 | D:1      | Reached XP level 1. HP: 16/16 MP: 3/3
   231 | D:1      | Reached skill level 1 in Fighting
   399 | D:1      | Reached XP level 2. HP: 19/27 MP: 0/5
   431 | D:1      | Reached skill level 2 in Stealth
   718 | D:1      | Reached skill level 2 in Fighting
   992 | D:1      | Reached skill level 1 in Maces & Flails
  1281 | D:1      | Reached XP level 3. HP: 36/36 MP: 4/6
  1825 | D:2      | Reached skill level 2 in Maces & Flails
  1978 | D:2      | Learned a level 2 spell: Passwall
  2132 | D:2      | fuck
  2132 | D:2      | so much for stealth
  2136 | D:2      | Reached skill level 3 in Fighting
  2136 | D:2      | Reached XP level 4. HP: 39/45 MP: 2/7
  2196 | D:2      | Noticed Sigmund
  2202 | D:2      | jesus
  2366 | D:2      | Noticed Ijyb
  2476 | D:3      | robin
  2480 | D:3      | Reached skill level 3 in Maces & Flails
  2522 | D:3      | Noticed Robin
  2703 | D:3      | Killed Robin
  3047 | D:3      | Reached skill level 4 in Maces & Flails
  3058 | D:3      | orc priest with a chain mail
  3058 | D:3      | FAIR
  3058 | D:3      | i sure hope he can't cast his spells due to heavy armor, that would make sense!
  3085 | D:3      | Reached XP level 5. HP: 20/53 MP: 3/8
  3345 | D:3      | Reached skill level 5 in Maces & Flails
  3694 | D:3      | Reached skill level 6 in Maces & Flails
  3697 | D:3      | Reached XP level 6. HP: 40/61 MP: 0/9
  3876 | D:3      | sandblast is pretty good
  3876 | D:3      | if you use it while wielding rocks
  3876 | D:3      | otherwise, not erally
  3876 | D:3      | *really
  4126 | D:3      | what
  4126 | D:3      | why did he disappear?
  4126 | D:3      | ah
  4126 | D:3      | fuck
  4126 | D:3      | i should have read more carefully
  4126 | D:3      | that's !ligni gone
  4298 | D:3      | Reached skill level 7 in Maces & Flails
  4359 | D:3      | mottled dragon armor
  4359 | D:3      | well that's something new
  4376 | D:3      | i suppose it is better than a robe
  4915 | D:4      | Noticed Natasha
  4925 | D:4      | Killed Natasha
  4925 | D:4      | Reached skill level 8 in Maces & Flails
  4928 | D:4      | Reached XP level 7. HP: 57/67 MP: 10/10
  4982 | D:4      | Noticed Natasha
  4989 | D:4      | Killed Natasha
  5222 | D:4      | Noticed Natasha
  5235 | D:4      | Killed Natasha
  5427 | D:4      | Reached skill level 9 in Maces & Flails
  5750 | D:4      | Found a sparkling altar of Nemelex Xobeh.
  5750 | D:4      | Found an ancient bone altar of Kikubaaqudgha.
  5751 | D:4      | Found a glowing golden altar of the Shining One.
  5752 | D:4      | tso, nemelex, kiku
  5752 | D:4      | i don't see merit in picking kiku tbh
  5752 | D:4      | nemelex would be okay except for the usual low offchance of destruction fucking you over
  5752 | D:4      | and tso is doable early on, but a bit risky
  5752 | D:4      | fuck it, where's okawaru
  6064 | D:5      | Entered Level 5 of the Dungeon
  6162 | D:5      | Reached skill level 10 in Maces & Flails
  6310 | D:5      | Noticed Duvessa
  6331 | D:5      | Killed Duvessa
  6331 | D:5      | Reached XP level 8. HP: 67/75 MP: 11/11
  6367 | D:5      | Noticed Dowan
  6380 | D:5      | Killed Dowan
  6431 | D:5      | Reached skill level 11 in Maces & Flails
  6668 | D:5      | Noticed Prince Ribbit
  6721 | D:5      | HP: 11/112 [Prince Ribbit (11)]
  7056 | D:5      | Found a snail-covered altar of Cheibriados.
  7125 | D:5      | Killed Prince Ribbit
  7315 | D:4      | Became a worshipper of Nemelex Xobeh the Trickster
  7316 | D:4      | well screw it
  7316 | D:4      | i know this works, i won't look god knows how far
  7393 | D:6      | Reached skill level 12 in Maces & Flails
  7471 | D:6      | Found a glowing silver altar of Zin.
  7488 | D:6      | Received a gift from Nemelex Xobeh
  7608 | D:6      | Reached skill level 2 in Dodging
  7640 | D:6      | Found an iron altar of Okawaru.
  7647 | D:6      | Noticed Edmund
  7661 | D:6      | Killed Edmund
  7661 | D:6      | Reached skill level 1 in Invocations
  7853 | D:6      | Reached skill level 4 in Fighting
  7912 | D:6      | Reached XP level 9. HP: 76/84 MP: 12/12
  8323 | D:5      | Reached skill level 2 in Invocations
  8523 | D:6      | Found a staircase to the Ecumenical Temple.
  8848 | D:6      | Reached * piety under Nemelex Xobeh
  9129 | D:7      | Noticed a hill giant
  9139 | D:6      | Reached skill level 13 in Maces & Flails
  9223 | D:7      | Identified a scroll of acquirement
  9364 | D:7      | Reached skill level 5 in Fighting
  9440 | D:7      | Received a gift from Nemelex Xobeh
  9484 | D:7      | Reached skill level 3 in Invocations
  9741 | D:7      | Found a hazy altar of Hepliaklqana.
  9886 | D:7      | Noticed a hell hog
  9886 | D:7      | a hill giant changed into a hell hog
  9887 | D:7      | wew lad
  9892 | D:7      | Killed a hell hog
  9892 | D:7      | Reached skill level 6 in Fighting
  9892 | D:7      | Reached skill level 4 in Invocations
  9896 | D:7      | destruction decks, always fun
 10148 | D:8      | Reached skill level 5 in Invocations
 10217 | D:8      | Noticed poirepourri's ghost (novice CeHu)
 10480 | D:8      | centaur ghost
 10480 | D:8      | that's a problem
 10482 | D:8      | Reached skill level 6 in Invocations
 10507 | D:8      | Reached XP level 10. HP: 87/100 MP: 14/14
 10523 | D:8      | Reached skill level 7 in Fighting
 10746 | D:8      | Found a staircase to the Lair.
 10822 | D:8      | yeah, i had a hunch lair entrance might be on this level
 10888 | D:8      | Reached skill level 7 in Invocations
 10915 | D:8      | Found Xodat's Weapon Emporium.
 10949 | D:8      | hmm, faith
 10949 | D:8      | might be actually very good
 11248 | D:9      | Received a gift from Nemelex Xobeh
 11307 | D:9      | Reached skill level 14 in Maces & Flails
 11620 | D:9      | Reached skill level 3 in Dodging
 11698 | D:9      | Reached ** piety under Nemelex Xobeh
 11790 | D:9      | Reached skill level 8 in Invocations
 11831 | D:9      | Reached skill level 8 in Fighting
 11985 | D:9      | Reached skill level 1 in Throwing
 12004 | D:9      | hm, tla or mda
 12004 | D:9      | it's a +1 mda
 12292 | D:10     | Entered Level 10 of the Dungeon
 12391 | D:10     | Noticed feamirim's ghost (novice HOFi)
 12544 | D:10     | Noticed a gargoyle
 12556 | D:9      | Killed a gargoyle
 12556 | D:9      | Reached skill level 2 in Throwing
 12896 | Lair:1   | Entered Level 1 of the Lair of Beasts
 12915 | Lair:1   | uhh, bad layout
 12915 | Lair:1   | i think
 12940 | Lair:1   | Reached skill level 3 in Throwing
 13016 | Lair:1   | yep, very bad
 13016 | Lair:1   | fuck this level
 13164 | Lair:1   | Received a gift from Nemelex Xobeh
 13187 | Lair:1   | You fall through a shaft!
 13187 | Lair:2   | Reached *** piety under Nemelex Xobeh
 13188 | Lair:2   | now that's NOT good
 13189 | Lair:2   | oh god
 13195 | Lair:2   | Reached XP level 11. HP: 101/113 MP: 17/17
 13272 | Lair:1   | Reached skill level 4 in Dodging
 13428 | Lair:1   | Received a gift from Nemelex Xobeh
 13553 | Lair:1   | Found a frozen archway.
 14253 | Lair:2   | these new hives are fucking disgusting
 14253 | Lair:2   | taking half of the level
 14281 | Lair:2   | Reached skill level 15 in Maces & Flails
 14295 | Lair:2   | Received a gift from Nemelex Xobeh
 14460 | Lair:2   | Reached **** piety under Nemelex Xobeh
 14978 | Lair:2   | that's not fucking good part deux
 15016 | Lair:2   | oh great, bees are awake now
 15087 | Lair:2   | Reached skill level 5 in Dodging
 15838 | Lair:3   | Upgraded the game from 0.19-a0-1068-g99dd0f4 to 0.19-a0-1071-g4ed3155
 15848 | Lair:3   | Received a gift from Nemelex Xobeh
 15875 | Lair:3   | Reached skill level 9 in Invocations
 16126 | Lair:3   | Noticed a cyclops
 16126 | Lair:3   | a komodo dragon changed into a cyclops
 16131 | Lair:3   | Killed a cyclops
 16307 | Lair:3   | Reached skill level 16 in Maces & Flails
 16650 | Lair:3   | Noticed Harold
 16737 | Lair:3   | Found a hole to the Spider Nest.
 16766 | Lair:3   | Received a gift from Nemelex Xobeh
 17076 | Lair:3   | Noticed an eight-headed hydra
 17108 | Lair:3   | Killed an eight-headed hydra
 17136 | Lair:3   | Reached ***** piety under Nemelex Xobeh
 17323 | Lair:4   | Received a gift from Nemelex Xobeh
 17326 | Lair:4   | Found a staircase to the Shoals.
 17335 | Lair:4   | Reached skill level 6 in Dodging
 17349 | Lair:4   | Reached XP level 12. HP: 71/122 MP: 19/19
 17374 | Lair:4   | HP: 9/122 [hellwing[the player character] (6)]
 17383 | Lair:4   | HP: 7/122 [hellwing[the player character] (6)]
 17393 | Lair:4   | HP: 13/183 [yak (7)]
 17399 | Lair:4   | HP: 12/183 [yak (9)]
 18077 | Lair:4   | Reached skill level 10 in Invocations
 18105 | Lair:4   | >kill 4 wolves without losing more than 20 hp
 18105 | Lair:4   | >5th wolf takes almost 50 hp in 1v1
 18105 | Lair:4   | R N G
 18105 | Lair:4   | N
 18105 | Lair:4   | G
 18481 | Lair:4   | Reached skill level 9 in Fighting
 18536 | Lair:4   | Reached skill level 17 in Maces & Flails
 18793 | Lair:4   | Received a gift from Nemelex Xobeh
 20080 | Lair:5   | Received a gift from Nemelex Xobeh
 20082 | Lair:5   | Noticed a four-headed hydra
 20116 | Lair:5   | Killed a four-headed hydra
 20230 | Lair:5   | Reached skill level 10 in Fighting
 20618 | Lair:2   | Reached skill level 18 in Maces & Flails
 21033 | Lair:2   | Reached skill level 11 in Invocations
 21046 | Lair:2   | Reached XP level 13. HP: 128/135 MP: 21/21
 21072 | Lair:2   | Reached skill level 11 in Fighting
 21085 | Lair:2   | HP: 11/137 [eight-headed hydra (12)]
 21085 | Lair:2   | Slain by an eight-headed hydra

Vault maps used:
D:1:      elethiomel_arrival_infinity_welcomes_careful_drivers,
          bh_walls_and_bars
D:2:      first_bread, minmay_tromino_i4, uniq_iyjb, uniq_sigmund
D:3:      st_stairs_3, uniq_robin
D:4:      gammafunk_temple_overflow_forgotten, corexii_corridor_pit,
          grunt_ministairs_2, nrook_mini_backslash, uniq_natasha
D:5:      slow_altar_2, uniq_prince_ribbit1, uniq_duvessa
D:6:      kennysheep_mini_moat, okawaru_trees_2, uniq_edmund
D:7:      lemuel_doored_altar
D:8:      erik_lair_orcish_takeover, serial_shops, shop, the_bakery
D:10:     minmay_sliced_demisemicircle
Lair:1:   portal_ice_cave_entry_pillars_1, st_stairs_12, beast_lair_carwin_4
Lair:2:   regret_index_bee_streams
Lair:3:   spider_nest_entry_web_field, beast_lair_carwin_11, uniq_harold
Lair:4:   minmay_shoals_entry_centaurs, dpeg_oklob_1
Lair:5:   slime_altar_1, infiniplex_staircase_pool, grunt_megastairs_1

Skill      XL: |  1  2  3  4  5  6  7  8  9 10 11 12 13 |
---------------+----------------------------------------+-----
Fighting       | 1 2 3 4 6 8 10 11 | 11.1
Stealth        | 2 |  2.0
Maces & Flails | 1 2 4 6 8 10 12 13 14 16 18 | 18.0
Dodging        | 2 3 6 |  6.6
Invocations    | 1 6 8 9 11 | 11.1
Throwing       | 3 |  3.5
Spellcasting   | |  2.4
Transmutations | |  0.6
Earth Magic    | |  2.1

Action                   |  1- 3 |  4- 6 |  7- 9 | 10-12 | 13-15 || total
-------------------------+-------+-------+-------+-------+-------++-------
Melee: Short sword       |    50 |       |       |       |       ||    50
       Whip              |    47 |    87 |       |       |       ||   134
       Flail             |       |    34 |       |       |       ||    34
       Giant club        |       |    35 |   346 |   751 |    18 ||  1150
Throw: Stone             |       |     1 |     4 |       |       ||     5
       Tomahawk          |       |       |       |     8 |       ||     8
 Cast: Sandblast         |    41 |    50 |     3 |       |       ||    94
Evoke: Wand              |       |     3 |       |     2 |     4 ||     9
       Deck              |       |       |     4 |    27 |     3 ||    34
  Use: Potion            |       |     2 |     2 |     7 |       ||    11
       Scroll            |       |     8 |     6 |    19 |       ||    33
 Stab: Sleeping          |     1 |       |     1 |     8 |       ||    10
       Distracted        |       |       |     1 |     4 |       ||     5
  Eat: Chunk             |     5 |     9 |    12 |    26 |       ||    52
       Fruit             |       |       |     2 |       |       ||     2
       Beef jerky        |       |       |     2 |     3 |       ||     5
       Pizza             |       |       |     1 |     1 |       ||     2
       Royal jelly       |       |       |       |     1 |       ||     1
Armor: Robe              |    40 |    19 |       |       |       ||    59
       Skin              |       |     3 |    12 |    28 |       ||    43
       Mottled dragon ar |       |    13 |   129 |   180 |       ||   322
       Troll leather arm |       |       |       |     2 |     7 ||     9
Dodge: Dodged            |    67 |    73 |   112 |   335 |    20 ||   607
